 Dungeon Crawl Stone Soup version 0.31-a0-1154-gadca813884 (webtiles) character file.

Game seed: 14887465799205273341

4588 Arzdou the Covert (level 10, -13/56 HPs)
             Began as an Octopode Earth Elementalist on Dec 7, 2023.
             Was a Priest of Vehumet.
             Killed by the air
             ... invoked by Gastronok
              (39 damage)
             ... on level 8 of the Dungeon.
             The game lasted 00:20:49 (8702 turns).

Arzdou the Covert (Octopode Earth Elementalist)     Turns: 8702, Time: 00:20:50

Health: -13/56     AC:  1    Str:  9    XL:     10   Next: 41%
Magic:  11/17      EV: 21    Int: 25    God:    Vehumet [***...]
Gold:   520        SH:  0    Dex: 14    Spells: 10/19 levels left

rFire   . . .        b - +2 dagger (venom)
rCold   . . .        x - orb {*channel}
rNeg    . . .        (helmet restricted)
rPois   .            o - amulet of regeneration
rElec   .            g - +5 ring of evasion
rCorr   .            s - +6 ring of intelligence
SInv    .            (no ring)
Will    .....        (no ring)
Stlth   +++++        (no ring)
HPRegen 1.09/turn    (no ring)
MPRegen 0.15/turn    (no ring)
                     (no ring)

%: channel magic (20%)
@: no status effects
A: almost no armour, amphibious, 8 rings, camouflage 1, gelatinous body 1,
(nimble swimmer 1), tentacles
a: Renounce Religion


You were on level 8 of the Dungeon.
You worshipped Vehumet.
Vehumet was most pleased with you.
You visited 2 branches of the dungeon, and saw 9 of its levels.
You also visited: Bailey.

You collected 520 gold pieces.

Inventory:

Hand Weapons
 b - a +2 dagger of venom (weapon)
 v - the +10 long sword of Askif {heavy, rF+ Str+5 Dex-4 SInv}
   (You found it on level 5 of the Dungeon)

   Str+5:     It affects your strength (+5).
   Dex-4:     It affects your dexterity (-4).
   rF+:       It protects you from fire.
   SInv:      It lets you see invisible.
Missiles
 r - 3 throwing nets
Armour
 x - an orb of energy (worn)
Jewellery
 g - a +5 ring of evasion (left tentacle)
 o - an amulet of regeneration (around mantle)
 s - a +6 ring of intelligence (right tentacle)
Wands
 t - a wand of polymorph (8)
 w - a wand of mindburst (10)
 y - a wand of iceblast (12)
 B - a wand of quicksilver (2)
Scrolls
 c - 2 scrolls of fear
 f - a scroll of fog
 h - 2 scrolls of vulnerability
 i - 2 scrolls of torment
 k - 3 scrolls of teleportation
 l - a scroll of enchant armour
 n - a scroll of noise {unknown}
Potions
 a - 3 potions of magic
 d - a potion of invisibility
 e - a potion of might {unknown}
 j - a potion of mutation {unknown}
 m - a potion of curing {unknown}
 p - a potion of ambrosia {unknown}
 q - a potion of attraction {unknown}
 u - a potion of heal wounds {unknown}
 z - a potion of haste {unknown}
 A - a potion of resistance
Miscellaneous
 C - a condenser vane


   Skills:
 + Level 7.5 Dodging
 - Level 8.0 Stealth
 - Level 5.0 Spellcasting
 - Level 7.0 Conjurations
 - Level 1.4 Transmutations
 - Level 5.0 Air Magic
 - Level 7.0 Earth Magic


You had 10 spell levels left.
You knew the following spells:

 Your Spells              Type           Power      Damage    Failure   Level
a - Sandblast             Erth           82%        2d17      1%          1
b - Stone Arrow           Conj/Erth      82%        3d12      1%          3
c - Static Discharge      Conj/Air       72%        3-6/arc   1%          2
d - Ignite Poison         Fire/Tmut/Pois 8%         N/A       12%         3

Your spell library contained the following spells:

 Spells                   Type           Power      Damage    Failure   Level
 Kiss of Death            Conj/Necr      92%        2d12      2%          1
 Brom's Barrelling Bould  Conj/Erth      41%        2d6       4%          4
 Airstrike                Air            15%        2d(3-19)  7%          4
 Passwall                 Tmut/Erth      22%        N/A       9%          2
 Apportation              Tloc           12%        N/A       22%         1
 Necrotise                Necr           24%        1d5       22%         1
 Summon Small Mammal      Summ           24%        N/A       22%         1
 Petrify                  Tmut/Erth      27%        N/A       32%         4
 Confusing Touch          Hex            6%         N/A       45%         3
 Summon Lightning Spire   Summ/Air       18%        N/A       50%         4
 Dispel Undead            Necr           6%         3d8       82%         4
 Eringya's Noxious Bog    Tmut/Pois      4%         4d6       95%         6
 Summon Forest            Summ/Tloc      3%         N/A       98%         5
 Summon Hydra             Summ           3%         N/A       100%        7
 Lehudib's Crystal Spear  Conj/Erth      20%        10d6      100%        8
 Animate Armour           Summ/Erth      Unusable   N/A       N/A         4

Dungeon Overview and Level Annotations

Branches:
Dungeon (8/15)             Temple (1/1) D:4          Bailey (visited)
   Lair: D:8-11

Altars:
Ashenzari
Cheibriados
Dithmenos
Elyvilon
Fedhas
Gozag
Hepliaklqana
Kikubaaqudgha
Nemelex Xobeh
Okawaru
Sif Muna
Trog
Uskayaw
Vehumet
Wu Jian
Xom
Yredelemnul
Zin
The Shining One

Shops:
D:6 *

Annotations:
D:8 Gastronok


Innate Abilities, Weirdness & Mutations

You cannot wear most types of armour.
You are amphibious.
You can wear up to eight rings at the same time.
Your skin changes colour to match your surroundings (Stealth+).
Your rubbery body absorbs attacks. (AC +1, EV +1)
((You are camouflaged when in or above water. (Stealth+)))
You have tentacles for arms and can constrict up to eight enemies at once.


Message History

The blast of sand hits Gastronok!
Gastronok is severely wounded.
An orc comes into view.
It is wielding a +0 flail and quivering poisoned darts.
Gastronok waves his eye-stalks in wide circles.
The air twists around and strikes you!!
Ouch! That really hurt!
You climb upwards.
There is a stone staircase leading down, spattered with blood here.
You start resting.
HP restored.
You start resting.
Magic restored.
You climb downwards.
Level annotation: Gastronok
There is a stone staircase leading up, spattered with blood here.
Casting: Sandblast (safe; 1% risk of failure)
Confirm with . or Enter, or press ? or * to list all spells.
Aiming: Stone Arrow (safe; 1% risk of failure)
Press: ? - help, Shift-Dir - straight line, f - Gastronok
Aim: Gastronok, wearing a +2 hat of willpower (lightly wounded, 100% to hit)
The stone arrow hits Gastronok!
Gastronok is moderately wounded.
Casting: Stone Arrow (safe; 1% risk of failure)
Confirm with . or Enter, or press ? or * to list all spells.
Aiming: Stone Arrow (safe; 1% risk of failure)
Press: ? - help, Shift-Dir - straight line, f/p - Gastronok
Aim: Gastronok, wearing a +2 hat of willpower (moderately wounded, 100% to hit)
The stone arrow hits Gastronok!!
Gastronok is heavily wounded.
Gastronok waves his eye-stalks in wide circles.
The air twists around and strikes you!!
Ouch! That really hurt!
Things that are here:
a +0 hand axe; an orc skeleton
There is a stone staircase leading up, spattered with blood here.
Gastronok waves his eye-stalks in wide circles.
The air twists around and strikes you!!!
Ouch! That really hurt!
You die...
Gastronok gurgles, "About time.
I'm starving!"

.≈.....≈.#####.# ≈≈≈≈≈≈≈≈.# #.##
######### .....≈...#
#.[###........ .≈≈≈.≈.≈.#
##.....####### #### .≈_..≈.≈.#
###.....# #...
.≈≈≈≈≈.≈.#######......########...
.......≈..#.........[........#..)
≈≈≈≈≈≈≈≈......÷......##'######...
................@....#.....†.....
#................)...#......o....
###...)...........w..#.......T...
#..................#...#######'
#...............#..#...# .
##.............##..#...# .
##...........## ..#...# .
##..).....#.# .#...#
##..)∩)......###..#


You could see Gastronok.

Vanquished Creatures
  Pikel (D:8)
  Jeremiah (D:6)
  A troll (D:7)
  Prince Ribbit (D:6)
  A wyvern (D:5)
  Menkaure (D:6)
  A water moccasin (D:6)
  A black bear (D:4)
  3 ice beasts
  A sky beast (D:7)
  5 orc warriors
  2 ogres
  2 phantoms
  4 lemures
  4 bullfrogs
  2 scorpions (D:5)
  6 killer bees (D:7)
  A howler monkey (D:8)
  5 orc priests
  3 jellies
  2 gnoll boudas
  3 hounds
  5 orc wizards
  4 iguanas
  2 sleepcaps (D:7)
  Robin (D:3)
  11 adders
  13 gnolls
  A shadow imp (D:6)
  2 white imps (D:6)
  2 ufetubi (D:5)
  2 worms
  3 dart slugs
  35 orcs
  9 ball pythons
  11 bats
  9 endoplasms
  3 giant cockroaches
  17 goblins
  13 hobgoblins
  4 jackals (D:5)
  7 quokkas
  8 frilled lizards
  12 kobolds
  3 rats
228 creatures vanquished.

Notes
Turn   | Place    | Note
-------+----------+-------------------------------------------
     0 | D:1      | Arzdou the Octopode Earth Elementalist began the quest for
                  | the Orb.
     0 | D:1      | Reached XP level 1. HP: 11/11 MP: 3/3
    71 | D:1      | Reached XP level 2. HP: 17/17 MP: 3/5
   117 | D:1      | Reached skill level 3 in Stealth
   520 | D:1      | Reached XP level 3. HP: 21/21 MP: 3/6
  1253 | D:2      | Reached XP level 4. HP: 27/27 MP: 0/7
  1338 | D:2      | Learned a level 3 spell: Stone Arrow
  1385 | D:2      | Reached skill level 4 in Stealth
  2120 | D:3      | Noticed a phantom
  2142 | D:2      | Killed a phantom
  2143 | D:2      | Reached skill level 1 in Conjurations
  2143 | D:2      | Reached XP level 5. HP: 8/31 MP: 5/9
  2744 | D:3      | Noticed Robin
  2812 | D:3      | Killed Robin
  2813 | D:3      | Reached skill level 5 in Stealth
  2813 | D:3      | Reached XP level 6. HP: 25/36 MP: 8/10
  3626 | D:4      | Found a staircase to the Ecumenical Temple.
  3633 | D:4      | Noticed a black bear
  3636 | Temple   | Entered the Ecumenical Temple
  3821 | Temple   | Became a worshipper of Vehumet
  3836 | D:4      | Killed a black bear
  3837 | D:4      | Reached skill level 6 in Stealth
  3837 | D:4      | Reached XP level 7. HP: 27/41 MP: 10/12
  4009 | D:4      | Learned a level 2 spell: Static Discharge
  4204 | D:5      | Entered Level 5 of the Dungeon
  4345 | D:5      | Reached skill level 1 in Air Magic
  4481 | D:5      | Reached skill level 5 in Earth Magic
  4617 | D:5      | Noticed a wyvern
  4622 | D:5      | Killed a wyvern
  4622 | D:5      | Reached * piety under Vehumet
  4622 | D:5      | Offered knowledge of Magic Dart by Vehumet.
  4623 | D:5      | Reached skill level 7 in Stealth
  4623 | D:5      | Reached XP level 8. HP: 34/46 MP: 10/14
  4849 | D:5      | Found a snail-covered altar of Cheibriados.
  4869 | D:5      | Identified the +10 long sword of Askif {heavy, rF+ Str+5
                  | Dex-4 SInv}
  5105 | D:6      | Reached skill level 8 in Stealth
  5105 | D:6      | Reached skill level 5 in Spellcasting
  5142 | D:6      | Found a shimmering blue altar of Sif Muna.
  5178 | D:6      | Found an ornate altar of the Wu Jian Council.
  5239 | D:6      | Noticed Jeremiah
  5252 | D:6      | Killed Jeremiah
  5253 | D:6      | Reached skill level 5 in Conjurations
  5253 | D:6      | Reached XP level 9. HP: 11/51 MP: 3/16
  5432 | D:6      | Found Gozag's Platinum Reserve.
  5437 | D:6      | Found an opulent altar of Gozag.
  5456 | D:6      | Noticed Prince Ribbit
  5465 | D:6      | Killed Prince Ribbit
  5660 | D:6      | Noticed Menkaure
  5664 | D:6      | Killed Menkaure
  5820 | D:6      | You fall into a shaft and drop 1 floor!
  6198 | D:7      | Reached ** piety under Vehumet
  6292 | D:7      | Reached skill level 5 in Air Magic
  6308 | D:7      | Offered knowledge of Freeze by Vehumet.
  6948 | D:7      | Reached skill level 5 in Dodging
  7380 | D:8      | Noticed Pikel
  7380 | D:8      | Found a flagged portal.
  7543 | D:8      | Killed Pikel
  7544 | D:8      | Reached XP level 10. HP: 24/56 MP: 9/17
  7575 | Bailey   | Entered a bailey
  7812 | Bailey   | Noticed an orc knight
  7917 | Bailey   | Offered knowledge of Ignite Poison by Vehumet.
  8077 | D:8      | Found a glowing golden altar of the Shining One.
  8083 | D:8      | Found an iron altar of Okawaru.
  8088 | D:8      | Learned a level 3 spell: Ignite Poison
  8186 | D:8      | Noticed Gastronok
  8451 | D:8      | Reached *** piety under Vehumet
  8702 | D:8      | Killed from afar by Gastronok

Illustrated notes

Levels and vault maps discovered:
D:1:      minmay_arrival_stone_box, layout_basic
D:2:      minmay_general_purpose_star, layout_loops_ring, minmay_box_of_dots
D:3:      layout_loops_ring, kennysheep_generic_room_2, uniq_robin
D:4:      layout_rooms, minmay_temple_entry_trees
D:5:      layout_rooms, old_standard_altar, solitary_fountain
D:6:      layout_cave_pools, nicolae_overflow_crystal_walls,
          mainiacjoe_overflow_brackets, nicolae_gozag_zags_fifth_avenue,
          serial_co_window_serial, co_window_of_opportunity_a,
          co_window_corner_a, co_window_paths_b, co_window_paths_a,
          co_window_paths_a, co_window_broadway_b, co_window_paths_c,
          co_window_corner_b, co_window_paths_c, co_window_2corner,
          co_window_4corner_b, co_window_paths_d, glass_columns_b,
          uniq_jeremiah, uniq_prince_ribbit1, uniq_menkaure
D:7:      layout_cave_pods, patterned_corridor
D:8:      kennysheep_blocky_room, layout_rooms, demons_altar,
          nicolae_ru_awakened_eye, mainiacjoe_overflow_catwalk_spiral,
          serial_shops, nicolae_shop_overgrown_old_shop,
          nicolae_shop_tiny_glass, enter_bailey_2, uniq_gastronok, uniq_pikel
Temple:   nicolae_temple_god_jail

Skill      XL: |  1  2  3  4  5  6  7  8  9 10 |
---------------+-------------------------------+-----
Stealth        | 3 4 5 6 7 8 |  8.0
Spellcasting   | 3 4 5 |  5.0
Conjurations   | 1 2 3 5 6 7 |  7.0
Earth Magic    | 4 5 6 7 |  7.0
Air Magic      | 2 4 5 |  5.0
Dodging        | 3 5 7 |  7.5
Transmutations | |  1.4

Action                     |  1- 3 |  4- 6 |  7- 9 | 10-12 || total
---------------------------+-------+-------+-------+-------++-------
  Melee: Unarmed           |     4 |       |       |       ||     4
         Tentacles         |     3 |     5 |    14 |       ||    22
         Constrict         |     3 |     4 |     7 |       ||    14
         Dagger            |     3 |    21 |    57 |       ||    81
   Cast: Sandblast         |    59 |    86 |   115 |    33 ||   293
         Stone Arrow       |       |       |    26 |    40 ||    66
         Static Discharge  |       |       |       |     1 ||     1
  Evoke: Wand              |       |       |     6 |    11 ||    17
    Use: Scroll            |       |       |     8 |     1 ||     9
         Potion            |       |       |       |     1 ||     1
   Stab: Sleeping          |       |       |    14 |       ||    14
 Armour: Skin              |    15 |    36 |    71 |    24 ||   146
  Dodge: Dodged            |    17 |    53 |   145 |    44 ||   259

Table legend: (Time is in decaauts)
 A = Elapsed time spent in this place.
 B = Non-inter-level travel time spent in this place.
 C = Inter-level travel time spent in this place.
 D = Time resting spent in this place.
 E = Time spent auto-exploring this place.
 F = Levels seen in this place.
 G = Mean time per level.
                   A        B        C        D        E       F      G
               +--------+--------+--------+--------+--------+-----+--------+
         Total |   8875 |   8644 |    231 |    930 |   5899 |  10 |  887.5 |
       Dungeon |   8179 |   7948 |    231 |    706 |   5738 |   8 | 1022.4 |
        Temple |    195 |    195 |      0 |    171 |      0 |   1 |  195.0 |
        Bailey |    501 |    501 |      0 |     53 |    161 |   1 |  501.0 |
               +--------+--------+--------+--------+--------+-----+--------+

Top non-repeatable levels by time:
     D:7: 1813 daAuts
     D:2: 1237 daAuts
     D:6: 1175 daAuts
     D:3: 1100 daAuts
     D:1: 1042 daAuts
     D:5: 804 daAuts
     D:4: 707 daAuts
  Bailey: 501 daAuts
     D:8: 297 daAuts
  Temple: 195 daAuts
